Jets vs Canadiens
(R1)
Created - June 9, 2023 at 19:01
Goals
|
| Jets |
1 |
0 |
2 |
3 |
| Canadiens |
0 |
2 |
3 |
5 |
|
Shots
|
| Jets |
8 |
11 |
11 |
30 |
| Canadiens |
11 |
11 |
9 |
31 |
|
1st period
1. Jets , Anthony Mantha 1 (Tyler Seguin 1, Marco Scandella 1) at 7:00 (SH)
Penalties :
Alexander Wennberg (Win) for Hooking (Minor) at 6:32, Troy Stetcher (Win) for Hooking (Minor) at 9:17, Frank Vatrano (Win) for High sticking (Minor) at 14:28
2nd period
2. Canadiens , Greg Stewart 1 (Chris Kreider 2, Jean-Gabriel Pageau 1) at 13:46
3. Canadiens , Chris Kreider 2 (Kevin Shattenkirk 2) at 18:26
Penalties :
Adam Fox (Mon) for Holding (Minor) at 3:00, Greg Stewart (Mon) for Tripping (Minor) at 11:34
3rd period
4. Canadiens , Rickard Rakell 1 (Jean-Gabriel Pageau 2, Greg Stewart 1) at 1:42
5. Canadiens , Mike Richards 1 (Greg Stewart 2, Kevin Shattenkirk 3) at 3:00
6. Jets , Sam Reinhart 1 (Troy Stetcher 1, Brent Burns 1) at 12:28
7. Jets , Alex Galchenyuk 2 (Ryan Johansen 3, Tyler Toffoli 1) at 14:23 (PP)
8. Canadiens , Jordan Szwarz 1 (Cam Fowler 1) at 19:31 (Empty Net)
Penalties :
Scott Hartnell (Mon) for High sticking (Minor) at 8:03, Cam Fowler (Mon) for Holding (Minor) at 14:13, Max Domi (Win) for Hooking (Minor) at 16:40
Goalie Stats
Jacob Markstrom (Win), 26 saves from 30 shots - (0.867), L, 0-2-1, 59:24 minutes
Robin Lehner (Mon), 27 saves from 30 shots - (0.900), W, 3-0-0, 60:00 minutes
Players Stats for Jets
Player Name G A P +/- PIM S H SB GA TA FO MP PP MP PK MP
------------------------------------------------------------------------------------
Adam Larsson 0 0 0 -1 0 1 1 1 0 1 0/0 16:19 0:00 2:52
Alex Galchenyuk 1 0 1 -2 0 6 0 0 0 0 0/0 19:00 3:15 1:16
Alexander Wennberg 0 0 0 0 2 3 1 0 0 0 6/7 11:05 0:00 0:01
Anthony Mantha 1 0 1 1 0 1 2 1 0 0 0/0 15:07 0:00 4:17
Brent Burns 0 1 1 -1 0 1 1 0 0 0 0/0 17:24 2:40 0:22
Dougie Hamilton 0 0 0 -2 0 0 1 1 0 1 0/0 24:49 3:27 2:52
Frank Vatrano 0 0 0 -1 2 2 1 0 0 0 0/0 9:07 0:00 1:53
Jussi Jokinen 0 0 0 0 0 1 2 0 1 0 1/1 10:49 0:00 0:00
Marco Scandella 0 1 1 -1 0 1 0 0 0 0 0/0 19:00 0:00 5:04
Max Domi 0 0 0 -1 2 1 0 0 0 0 1/1 16:25 2:52 0:00
Noel Acciari 0 0 0 -1 0 0 0 0 1 0 2/3 10:00 0:00 2:46
Ryan Johansen 0 1 1 -3 0 4 2 0 0 0 9/20 19:18 3:15 1:29
Ryan Murray 0 0 0 -1 0 2 3 0 0 0 0/0 25:21 2:40 4:42
Sam Reinhart 1 0 1 -1 0 1 1 0 0 0 0/0 7:23 0:00 0:00
Troy Stetcher 0 1 1 0 2 0 1 1 0 0 0/0 17:12 3:27 0:00
Tyler Seguin 0 1 1 1 0 1 1 0 1 1 11/24 20:03 2:52 4:10
Tyler Toffoli 0 1 1 -2 0 2 1 0 0 0 0/0 17:22 3:15 0:00
Viktor Arvidsson 0 0 0 -1 0 3 1 0 0 1 0/0 16:16 2:52 0:00
Players Stats for Canadiens
Player Name G A P +/- PIM S H SB GA TA FO MP PP MP PK MP
------------------------------------------------------------------------------------
Adam Fox 0 0 0 0 2 1 1 1 0 0 0/0 20:30 4:46 0:00
Brandon Bollig 0 0 0 0 0 1 1 0 1 0 0/1 9:33 0:07 2:43
Brian Dumoulin 0 0 0 1 0 1 1 2 0 0 0/0 11:57 0:00 0:18
Cam Fowler 0 1 1 2 2 1 0 1 0 0 0/0 25:26 3:10 3:37
Chris Kreider 1 1 2 1 0 5 4 0 0 0 0/1 19:41 4:26 0:59
Corban Knight 0 0 0 0 0 2 0 0 0 0 1/1 9:05 0:07 2:28
Greg Stewart 1 2 3 1 2 1 1 0 1 0 1/1 18:01 3:23 0:09
Jean-Gabriel Pageau 0 2 2 2 0 2 1 0 0 0 4/16 18:49 3:23 0:22
Jordan Szwarz 1 0 1 2 0 4 1 0 0 0 0/1 10:52 0:00 0:00
Kevin Shattenkirk 0 2 2 0 0 0 2 0 0 1 0/0 27:06 4:46 2:17
Mark Stuart 0 0 0 2 0 0 1 1 0 1 0/0 21:14 3:10 3:47
Mattias Tedenby 0 0 0 0 0 0 0 0 0 0 0/0 6:21 0:00 0:00
Mika Zibanejad 0 0 0 0 0 3 2 0 1 0 14/22 18:09 4:26 0:00
Mike Richards 1 0 1 1 0 1 1 0 0 0 6/11 13:57 0:00 3:17
Nikita Kucherov 0 0 0 0 0 6 0 0 0 0 0/1 18:03 4:33 0:00
Rickard Rakell 1 0 1 0 0 2 1 1 1 1 0/1 17:35 3:23 0:00
Scott Hartnell 0 0 0 2 2 1 1 1 0 0 0/0 13:12 0:00 2:16
Sean Zimmerman 0 0 0 1 0 0 0 0 0 0 0/0 14:18 0:00 2:15
3 Stars
1 - Chris Kreider (Mon)
2 - Greg Stewart (Mon)
3 - Jean-Gabriel Pageau (Mon)
Power Play
Jets - 1 on 4 Attempt(s) - 25.00%
Canadiens - 0 on 4 Attempt(s) - 0.00%
Penalty Kill
Jets - 4 on 4 Attempt(s) - 100.00%
- Score 1 goal in Penalty Kill
Canadiens - 3 on 4 Attempt(s) - 75.00%
- Score 0 goal in Penalty Kill
Team Stat
Jets - Hits : 19 - Faceoff Wins : 30 - Blocked Shots : 4 - Penalty Minutes : 8
Canadiens - Hits : 18 - Faceoff Wins : 26 - Blocked Shots : 7 - Penalty Minutes : 8
Official
Referees : Tom Chmielewski and Garrett Rank
Linesman : Brian Mach and Scott Cherrey
Game Notes
Jordan Szwarz has scored in a empty net!
Finance
Level 1 -- Attendance: 6000 (100.00%) -- Ticket Income $600,000
Level 2 -- Attendance: 5000 (100.00%) -- Ticket Income $300,000
Level 3 -- Attendance: 2000 (100.00%) -- Ticket Income $70,000
Level 4 -- Attendance: 4000 (100.00%) -- Ticket Income $100,000
Luxury Box -- Attendance: 1000 (100.00%) -- Ticket Income $200,000
Game was played at the Centre Bell.
Total Attendance: 18000 (100.00%)
Total Ticket Income: $1,270,000
Other Income: $190,500
Total Income: $1,460,500
Jets
5 vs 5 Forward
Center Left Wing Right Wing Time % Phy DF OF
1 Tyler Seguin Alex Galchenyuk Tyler Toffoli 35 0 2 3
2 Ryan Johansen Max Domi Viktor Arvidsson 35 0 2 3
3 Alexander Wennberg Jussi Jokinen Anthony Mantha 20 0 2 3
4 Noel Acciari Frank Vatrano Sam Reinhart 10 1 2 2
5 vs 5 Defense
Defense Defense Time % Phy DF OF
1 Ryan Murray Dougie Hamilton 38 1 2 2
2 Adam Larsson Marco Scandella 31 1 2 2
3 Brent Burns Troy Stetcher 31 1 2 2
4 Ryan Murray Adam Larsson 0 1 2 2
PowerPlay Forward
Center Left Wing Right Wing Time % Phy DF OF
1 Ryan Johansen Alex Galchenyuk Tyler Toffoli 55 1 0 4
2 Tyler Seguin Max Domi Viktor Arvidsson 45 1 0 4
PowerPlay Defense
Defense Defense Time % Phy DF OF
1 Troy Stetcher Dougie Hamilton 60 0 1 4
2 Brent Burns Ryan Murray 40 0 1 4
Penalty Kill 4 Players Forward
Center Wing Time % Phy DF OF
1 Tyler Seguin Anthony Mantha 60 1 2 2
2 Noel Acciari Frank Vatrano 40 1 2 2
Penalty Kill 4 Players Defense
Defense Defense Time % Phy DF OF
1 Ryan Murray Marco Scandella 60 1 3 1
2 Dougie Hamilton Adam Larsson 40 1 3 1
Penalty Kill - 3 Players Forward
Forward Time % Phy DF OF
1 Ryan Johansen 60 0 4 1
2 Tyler Seguin 40 0 4 1
Penalty Kill - 3 Players Defense
Defense Defense Time % Phy DF OF
1 Ryan Murray Marco Scandella 60 1 4 0
2 Adam Larsson Dougie Hamilton 40 1 4 0
4 vs 4 Forward
Center Wing Time % Phy DF OF
1 Ryan Johansen Alex Galchenyuk 60 1 2 2
2 Tyler Seguin Viktor Arvidsson 40 1 2 2
4 vs 4 Defense
Defense Defense Time % Phy DF OF
1 Adam Larsson Marco Scandella 60 1 2 2
2 Dougie Hamilton Ryan Murray 40 1 2 2
Last Minutes Offensive
Center Left Wing Right Wing Defense Defense
Ryan Johansen Alex Galchenyuk Tyler Toffoli Dougie Hamilton Marco Scandella
Last Minutes Defensive
Center Left Wing Right Wing Defense Defense
Ryan Johansen Frank Vatrano Tyler Toffoli Ryan Murray Marco Scandella
Goaltenders
Starting : Jacob Markstrom
Backup : Elvis Merzlikins
Extra Forwards
Normal : Anthony Mantha, Max Domi, Sam Reinhart - PP : Alexander Wennberg, Anthony Mantha - PK : Ryan Johansen
Extra Defensemen
Normal : Dougie Hamilton, Adam Larsson, Marco Scandella - PP : Brent Burns - PK : Brent Burns, Marco Scandella
Penalty Shots
Anthony Mantha, Alex Galchenyuk, Ryan Johansen, Tyler Seguin, Alexander Wennberg
Scratches
Dylan Strome (Healthy), Kyle Connor (Healthy), Mirco Mueller (Healthy)
Canadiens
5 vs 5 Forward
Center Left Wing Right Wing Time % Phy DF OF
1 Mika Zibanejad Chris Kreider Nikita Kucherov 35 0 2 3
2 Jean-Gabriel Pageau Greg Stewart Rickard Rakell 35 0 2 3
3 Mike Richards Scott Hartnell Jordan Szwarz 20 0 2 3
4 Corban Knight Brandon Bollig Mattias Tedenby 10 0 2 3
5 vs 5 Defense
Defense Defense Time % Phy DF OF
1 Kevin Shattenkirk Cam Fowler 40 0 3 2
2 Mark Stuart Adam Fox 30 0 3 2
3 Brian Dumoulin Sean Zimmerman 20 0 3 2
4 Cam Fowler Kevin Shattenkirk 10 0 3 2
PowerPlay Forward
Center Left Wing Right Wing Time % Phy DF OF
1 Mika Zibanejad Chris Kreider Nikita Kucherov 60 0 2 3
2 Jean-Gabriel Pageau Greg Stewart Rickard Rakell 40 0 2 3
PowerPlay Defense
Defense Defense Time % Phy DF OF
1 Kevin Shattenkirk Adam Fox 60 0 2 3
2 Cam Fowler Mark Stuart 40 0 2 3
Penalty Kill 4 Players Forward
Center Wing Time % Phy DF OF
1 Mike Richards Scott Hartnell 60 0 4 1
2 Corban Knight Brandon Bollig 40 0 4 1
Penalty Kill 4 Players Defense
Defense Defense Time % Phy DF OF
1 Cam Fowler Mark Stuart 60 0 5 0
2 Sean Zimmerman Kevin Shattenkirk 40 0 5 0
Penalty Kill - 3 Players Forward
Forward Time % Phy DF OF
1 Jean-Gabriel Pageau 60 0 5 0
2 Mika Zibanejad 40 0 5 0
Penalty Kill - 3 Players Defense
Defense Defense Time % Phy DF OF
1 Cam Fowler Mark Stuart 60 0 5 0
2 Sean Zimmerman Kevin Shattenkirk 40 0 5 0
4 vs 4 Forward
Center Wing Time % Phy DF OF
1 Jean-Gabriel Pageau Chris Kreider 60 0 2 3
2 Mika Zibanejad Nikita Kucherov 40 0 2 3
4 vs 4 Defense
Defense Defense Time % Phy DF OF
1 Adam Fox Brian Dumoulin 60 0 2 3
2 Cam Fowler Mark Stuart 40 1 2 2
Last Minutes Offensive
Center Left Wing Right Wing Defense Defense
Mika Zibanejad Chris Kreider Nikita Kucherov Kevin Shattenkirk Cam Fowler
Last Minutes Defensive
Center Left Wing Right Wing Defense Defense
Jean-Gabriel Pageau Scott Hartnell Jordan Szwarz Mark Stuart Cam Fowler
Goaltenders
Starting : Robin Lehner
Backup : Allen York
Extra Forwards
Normal : Chris Kreider, Mika Zibanejad, Jean-Gabriel Pageau - PP : Chris Kreider, Mika Zibanejad - PK : Scott Hartnell
Extra Defensemen
Normal : Kevin Shattenkirk, Cam Fowler, Mark Stuart - PP : Kevin Shattenkirk - PK : Cam Fowler, Mark Stuart
Penalty Shots
Chris Kreider, Jean-Gabriel Pageau, Mika Zibanejad, Nikita Kucherov, Rickard Rakell
Scratches
Philip Larsen (Healthy)
% Time on Ice - Jets
Lines # - Real PCT - Wanted PCT - Time Play
Normal Forward
1 - 30% - 35% - 13:48
2 - 30% - 35% - 13:24
3 - 24% - 20% - 10:49
4 - 16% - 10% - 7:14
Normal Defense
1 - 39% - 38% - 17:40
2 - 31% - 31% - 13:55
3 - 30% - 31% - 13:40
4 - 0% - 0% - 0:00
PP Forward
1 - 53% - 55% - 3:15
2 - 47% - 45% - 2:52
PP Defense
1 - 56% - 60% - 3:27
2 - 44% - 40% - 2:40
PK Forward
1 - 65% - 60% - 5:10
2 - 35% - 40% - 2:46
PK Defense
1 - 64% - 60% - 5:04
2 - 36% - 40% - 2:52
PK3 Forward
1 - 0% - 60%
2 - 0% - 40%
PK3 Defense
1 - 0% - 60%
2 - 0% - 40%
44 Forward
1 - 0% - 60%
2 - 0% - 40%
44 Defense
1 - 0% - 60%
2 - 0% - 40%
Last Minute Offensive - 0:42
Last Minute Defensive - 0:00
Total
Forward - 60:00
Defense - 60:00
|
% Time on Ice - Canadiens
Lines # - Real PCT - Wanted PCT - Time Play
Normal Forward
1 - 32% - 35% - 14:32
2 - 31% - 35% - 14:12
3 - 23% - 20% - 10:40
4 - 14% - 10% - 6:21
Normal Defense
1 - 39% - 40% - 17:41
2 - 33% - 30% - 14:58
3 - 25% - 20% - 11:24
4 - 4% - 10% - 1:42
PP Forward
1 - 57% - 60% - 4:33
2 - 43% - 40% - 3:23
PP Defense
1 - 60% - 60% - 4:46
2 - 40% - 40% - 3:10
PK Forward
1 - 88% - 60% - 5:24
2 - 12% - 40% - 0:43
PK Defense
1 - 64% - 60% - 3:55
2 - 36% - 40% - 2:12
PK3 Forward
1 - 0% - 60%
2 - 0% - 40%
PK3 Defense
1 - 0% - 60%
2 - 0% - 40%
44 Forward
1 - 0% - 60%
2 - 0% - 40%
44 Defense
1 - 0% - 60%
2 - 0% - 40%
Last Minute Offensive - 0:00
Last Minute Defensive - 0:12
Total
Forward - 60:00
Defense - 60:00
|
Play-by-Play
1st period
0:01 of 1st period - Tyler Seguin wins face-off versus Mika Zibanejad in neutral zone.
0:08 of 1st period - Wrist shot by Alex Galchenyuk.
0:08 of 1st period - Stopped by Robin Lehner with a rebound.
0:10 of 1st period - Wrist shot by Tyler Seguin.
0:10 of 1st period - Stopped by Robin Lehner with a rebound.
0:12 of 1st period - Slapshot by Ryan Murray.
0:12 of 1st period - Stopped by Robin Lehner without a rebound.
0:13 of 1st period - Jean-Gabriel Pageau wins face-off versus Ryan Johansen in Canadiens zone.
0:21 of 1st period - Wrist shot by Viktor Arvidsson.
0:21 of 1st period - Shot Misses the Net.
0:39 of 1st period - Adam Fox is hit by Anthony Mantha and loses puck.
1:08 of 1st period - Snap shot by Mika Zibanejad.
1:08 of 1st period - Stopped by Jacob Markstrom with a rebound.
1:14 of 1st period - Nikita Kucherov is hit by Brent Burns and loses puck.
1:29 of 1st period - Snap shot by Brandon Bollig.
1:29 of 1st period - Stopped by Jacob Markstrom with a rebound.
1:31 of 1st period - Slapshot by Mattias Tedenby.
1:31 of 1st period - Shot Misses the Net.
1:33 of 1st period - Snap shot by Corban Knight.
1:33 of 1st period - Stopped by Jacob Markstrom with a rebound.
1:57 of 1st period - Slapshot by Kevin Shattenkirk.
1:57 of 1st period - Deflect By Jean-Gabriel Pageau.
1:57 of 1st period - Stopped by Jacob Markstrom without a rebound.
1:58 of 1st period - Mika Zibanejad wins face-off versus Ryan Johansen in Jets zone.
2:10 of 1st period - Off-side.
2:11 of 1st period - Tyler Seguin wins face-off versus Jean-Gabriel Pageau in neutral zone.
2:38 of 1st period - Jussi Jokinen is hit by Scott Hartnell.
4:02 of 1st period - Cam Fowler is hit by Jussi Jokinen and loses puck.
4:09 of 1st period - Cam Fowler is hit by Anthony Mantha and loses puck.
5:13 of 1st period - Off-side.
5:14 of 1st period - Tyler Seguin wins face-off versus Jean-Gabriel Pageau in neutral zone.
5:55 of 1st period - Snap shot by Mika Zibanejad.
5:55 of 1st period - Deflect By Nikita Kucherov.
5:55 of 1st period - Stopped by Jacob Markstrom with a rebound.
6:32 of 1st period - Minor Penalty to Alexander Wennberg for Hooking.
6:33 of 1st period - Mika Zibanejad wins face-off versus Tyler Seguin in Jets zone.
6:50 of 1st period - Off-side.
6:51 of 1st period - Tyler Seguin wins face-off versus Rickard Rakell in neutral zone.
7:00 of 1st period - Slapshot by Anthony Mantha.
7:00 of 1st period - Goal by Anthony Mantha - Jets : 1 - Canadiens : 0.
7:01 of 1st period - Mika Zibanejad wins face-off versus Tyler Seguin in neutral zone.
7:27 of 1st period - Jean-Gabriel Pageau is hit by Ryan Murray and loses puck.
7:34 of 1st period - Marco Scandella is hit by Jean-Gabriel Pageau.
7:48 of 1st period - Chris Kreider is hit by Ryan Murray and loses puck.
8:32 of 1st period - Penalty to Alexander Wennberg is over, Alexander Wennberg is back on ice.
8:45 of 1st period - Slapshot by Ryan Johansen.
8:45 of 1st period - Stopped by Robin Lehner with a rebound.
9:17 of 1st period - Minor Penalty to Troy Stetcher for Hooking.
9:18 of 1st period - Mika Zibanejad wins face-off versus Tyler Seguin in Jets zone.
9:19 of 1st period - Snap shot by Chris Kreider.
9:19 of 1st period - Stopped by Jacob Markstrom without a rebound.
9:20 of 1st period - Mika Zibanejad wins face-off versus Tyler Seguin in Jets zone.
9:35 of 1st period - Snap shot by Nikita Kucherov.
9:35 of 1st period - Shot Misses the Net.
9:37 of 1st period - Snap shot by Mika Zibanejad.
9:37 of 1st period - Shot Misses the Net.
10:36 of 1st period - Ryan Murray is hit by Rickard Rakell.
11:17 of 1st period - Penalty to Troy Stetcher is over, Troy Stetcher is back on ice.
11:32 of 1st period - Slapshot by Ryan Johansen.
11:32 of 1st period - Stopped by Robin Lehner without a rebound.
11:33 of 1st period - Mike Richards wins face-off versus Ryan Johansen in Canadiens zone.
12:47 of 1st period - Wrist shot by Scott Hartnell.
12:47 of 1st period - Deflect By Marco Scandella.
12:47 of 1st period - Stopped by Jacob Markstrom without a rebound.
12:48 of 1st period - Mike Richards wins face-off versus Tyler Seguin in Jets zone.
12:53 of 1st period - Wrist shot by Jordan Szwarz.
12:53 of 1st period - Stopped by Jacob Markstrom without a rebound.
12:54 of 1st period - Mika Zibanejad wins face-off versus Tyler Seguin in Jets zone.
13:11 of 1st period - Snap shot by Chris Kreider.
13:11 of 1st period - Stopped by Jacob Markstrom without a rebound.
13:12 of 1st period - Max Domi wins face-off versus Jean-Gabriel Pageau in Jets zone.
13:12 of 1st period - Max Domi is hit by Greg Stewart.
13:24 of 1st period - Snap shot by Viktor Arvidsson.
13:24 of 1st period - Stopped by Robin Lehner with a rebound.
14:08 of 1st period - Dougie Hamilton is hit by Chris Kreider and loses puck.
14:28 of 1st period - Minor Penalty to Frank Vatrano for High sticking.
14:29 of 1st period - Mika Zibanejad wins face-off versus Tyler Seguin in Jets zone.
14:45 of 1st period - Slapshot by Kevin Shattenkirk.
14:45 of 1st period - Shot Misses the Net.
16:28 of 1st period - Penalty to Frank Vatrano is over, Frank Vatrano is back on ice.
18:36 of 1st period - Icing by Cam Fowler.
18:37 of 1st period - Jean-Gabriel Pageau wins face-off versus Tyler Seguin in Canadiens zone.
19:27 of 1st period - Wrist shot by Alex Galchenyuk.
19:27 of 1st period - Shot Blocked by Rickard Rakell.
19:29 of 1st period - Snap shot by Tyler Toffoli.
19:29 of 1st period - Stopped by Robin Lehner without a rebound.
19:30 of 1st period - Mika Zibanejad wins face-off versus Ryan Johansen in Canadiens zone.
19:43 of 1st period - Snap shot by Nikita Kucherov.
19:43 of 1st period - Stopped by Jacob Markstrom with a rebound.
19:45 of 1st period - Snap shot by Nikita Kucherov.
19:45 of 1st period - Stopped by Jacob Markstrom without a rebound.
19:46 of 1st period - Jussi Jokinen wins face-off versus Mika Zibanejad in Jets zone.
Goals for this period are 1 for Jets vs 0 for Canadiens.
Shots for this period are 8 for Jets vs 11 for Canadiens.
2nd period
0:01 of 2nd period - Mika Zibanejad wins face-off versus Ryan Johansen in neutral zone.
0:06 of 2nd period - Slapshot by Nikita Kucherov.
0:06 of 2nd period - Shot Misses the Net.
0:26 of 2nd period - Adam Fox is hit by Adam Larsson and loses puck.
0:33 of 2nd period - Wrist shot by Tyler Seguin.
0:33 of 2nd period - Shot Misses the Net.
0:51 of 2nd period - Jordan Szwarz is hit by Dougie Hamilton and loses puck.
1:19 of 2nd period - Wrist shot by Nikita Kucherov.
1:19 of 2nd period - Stopped by Jacob Markstrom with a rebound.
1:35 of 2nd period - Wrist shot by Rickard Rakell.
1:35 of 2nd period - Stopped by Jacob Markstrom without a rebound.
1:36 of 2nd period - Ryan Johansen wins face-off versus Jean-Gabriel Pageau in Jets zone.
1:57 of 2nd period - Wrist shot by Jean-Gabriel Pageau.
1:57 of 2nd period - Stopped by Jacob Markstrom without a rebound.
1:58 of 2nd period - Tyler Seguin wins face-off versus Mika Zibanejad in Jets zone.
1:58 of 2nd period - Tyler Seguin is hit by Chris Kreider.
2:24 of 2nd period - Dougie Hamilton is hit by Jordan Szwarz and loses puck.
3:00 of 2nd period - Minor Penalty to Adam Fox for Holding.
3:01 of 2nd period - Mike Richards wins face-off versus Tyler Seguin in Canadiens zone.
3:11 of 2nd period - Wrist shot by Mike Richards.
3:11 of 2nd period - Shot Misses the Net.
3:29 of 2nd period - Slapshot by Troy Stetcher.
3:29 of 2nd period - Shot Blocked by Scott Hartnell.
5:00 of 2nd period - Penalty to Adam Fox is over, Adam Fox is back on ice.
7:11 of 2nd period - Troy Stetcher is hit by Mark Stuart and loses puck.
8:08 of 2nd period - Nikita Kucherov is hit by Sam Reinhart and loses puck.
8:42 of 2nd period - Corban Knight is hit by Viktor Arvidsson and loses puck.
9:13 of 2nd period - Snap shot by Chris Kreider.
9:13 of 2nd period - Stopped by Jacob Markstrom without a rebound.
9:14 of 2nd period - Mika Zibanejad wins face-off versus Noel Acciari in Jets zone.
9:15 of 2nd period - Snap shot by Nikita Kucherov.
9:15 of 2nd period - Stopped by Jacob Markstrom without a rebound.
9:16 of 2nd period - Noel Acciari wins face-off versus Chris Kreider in Jets zone.
9:21 of 2nd period - Slapshot by Marco Scandella.
9:21 of 2nd period - Stopped by Robin Lehner with a rebound.
9:23 of 2nd period - Snap shot by Noel Acciari.
9:23 of 2nd period - Shot Misses the Net.
9:25 of 2nd period - Snap shot by Frank Vatrano.
9:25 of 2nd period - Stopped by Robin Lehner without a rebound.
9:26 of 2nd period - Mika Zibanejad wins face-off versus Ryan Johansen in Canadiens zone.
9:31 of 2nd period - Wrist shot by Viktor Arvidsson.
9:31 of 2nd period - Stopped by Robin Lehner with a rebound.
9:33 of 2nd period - Snap shot by Max Domi.
9:33 of 2nd period - Stopped by Robin Lehner without a rebound.
9:34 of 2nd period - Mika Zibanejad wins face-off versus Ryan Johansen in Canadiens zone.
9:45 of 2nd period - Wrist shot by Max Domi.
9:45 of 2nd period - Shot Blocked by Cam Fowler.
9:47 of 2nd period - Snap shot by Ryan Johansen.
9:47 of 2nd period - Shot Misses the Net.
9:49 of 2nd period - Slapshot by Adam Larsson.
9:49 of 2nd period - Deflect By Kevin Shattenkirk.
9:49 of 2nd period - Stopped by Robin Lehner without a rebound.
9:50 of 2nd period - Tyler Seguin wins face-off versus Jean-Gabriel Pageau in Canadiens zone.
9:51 of 2nd period - Wrist shot by Alex Galchenyuk.
9:51 of 2nd period - Stopped by Robin Lehner with a rebound.
10:43 of 2nd period - Snap shot by Jordan Szwarz.
10:43 of 2nd period - Stopped by Jacob Markstrom with a rebound.
10:47 of 2nd period - Snap shot by Mike Richards.
10:47 of 2nd period - Shot Blocked by Adam Larsson.
11:21 of 2nd period - Snap shot by Adam Larsson.
11:21 of 2nd period - Deflect By Alex Galchenyuk.
11:21 of 2nd period - Stopped by Robin Lehner without a rebound.
11:22 of 2nd period - Tyler Seguin wins face-off versus Jean-Gabriel Pageau in Canadiens zone.
11:34 of 2nd period - Minor Penalty to Greg Stewart for Tripping.
11:35 of 2nd period - Mike Richards wins face-off versus Ryan Johansen in Canadiens zone.
12:35 of 2nd period - Brandon Bollig is hit by Ryan Johansen and loses puck.
13:06 of 2nd period - Corban Knight is hit by Tyler Seguin and loses puck.
13:29 of 2nd period - Brent Burns is hit by Brian Dumoulin and loses puck.
13:34 of 2nd period - Penalty to Greg Stewart is over, Greg Stewart is back on ice.
13:46 of 2nd period - Slapshot by Greg Stewart.
13:46 of 2nd period - Goal by Greg Stewart - Jets : 1 - Canadiens : 1.
13:47 of 2nd period - Alexander Wennberg wins face-off versus Mika Zibanejad in neutral zone.
13:50 of 2nd period - Snap shot by Alexander Wennberg.
13:50 of 2nd period - Stopped by Robin Lehner without a rebound.
13:51 of 2nd period - Alexander Wennberg wins face-off versus Nikita Kucherov in Canadiens zone.
14:06 of 2nd period - Snap shot by Nikita Kucherov.
14:06 of 2nd period - Stopped by Jacob Markstrom without a rebound.
14:07 of 2nd period - Greg Stewart wins face-off versus Ryan Johansen in Jets zone.
14:24 of 2nd period - Snap shot by Ryan Murray.
14:24 of 2nd period - Stopped by Robin Lehner with a rebound.
14:39 of 2nd period - Adam Larsson is hit by Kevin Shattenkirk and loses puck.
14:58 of 2nd period - Slapshot by Jordan Szwarz.
14:58 of 2nd period - Shot Misses the Net.
15:00 of 2nd period - Wrist shot by Mike Richards.
15:00 of 2nd period - Shot Misses the Net.
15:02 of 2nd period - Snap shot by Mike Richards.
15:02 of 2nd period - Shot Misses the Net.
15:04 of 2nd period - Slapshot by Cam Fowler.
15:04 of 2nd period - Stopped by Jacob Markstrom with a rebound.
16:57 of 2nd period - Viktor Arvidsson is hit by Kevin Shattenkirk and loses puck.
17:12 of 2nd period - Wrist shot by Ryan Johansen.
17:12 of 2nd period - Stopped by Robin Lehner without a rebound.
17:13 of 2nd period - Mika Zibanejad wins face-off versus Tyler Seguin in Canadiens zone.
17:18 of 2nd period - Tyler Seguin is hit by Chris Kreider and loses puck.
17:29 of 2nd period - Snap shot by Mika Zibanejad.
17:29 of 2nd period - Stopped by Jacob Markstrom with a rebound.
17:39 of 2nd period - Mark Stuart is hit by Troy Stetcher and loses puck.
17:52 of 2nd period - Slapshot by Alexander Wennberg.
17:52 of 2nd period - Stopped by Robin Lehner with a rebound.
18:21 of 2nd period - Ryan Murray is hit by Mika Zibanejad and loses puck.
18:26 of 2nd period - Snap shot by Chris Kreider.
18:26 of 2nd period - Goal by Chris Kreider - Jets : 1 - Canadiens : 2.
18:27 of 2nd period - Ryan Johansen wins face-off versus Mika Zibanejad in neutral zone.
18:30 of 2nd period - Cam Fowler is hit by Ryan Johansen and loses puck.
19:22 of 2nd period - Snap shot by Anthony Mantha.
19:22 of 2nd period - Shot Misses the Net.
19:58 of 2nd period - Off-side.
19:59 of 2nd period - Corban Knight wins face-off versus Tyler Seguin in neutral zone.
19:59 of 2nd period - Kevin Shattenkirk is hit by Tyler Toffoli and loses puck.
Goals for this period are 0 for Jets vs 2 for Canadiens.
Shots for this period are 11 for Jets vs 11 for Canadiens.
3rd period
0:01 of 3rd period - Jean-Gabriel Pageau wins face-off versus Ryan Johansen in neutral zone.
0:14 of 3rd period - Slapshot by Kevin Shattenkirk.
0:14 of 3rd period - Shot Blocked by Dougie Hamilton.
0:16 of 3rd period - Wrist shot by Greg Stewart.
0:16 of 3rd period - Shot Hit the Post.
0:58 of 3rd period - Slapshot by Jussi Jokinen.
0:58 of 3rd period - Shot Blocked by Mark Stuart.
1:08 of 3rd period - Snap shot by Sam Reinhart.
1:08 of 3rd period - Shot Misses the Net.
1:14 of 3rd period - Snap shot by Frank Vatrano.
1:14 of 3rd period - Shot Blocked by Adam Fox.
1:18 of 3rd period - Slapshot by Frank Vatrano.
1:18 of 3rd period - Shot Misses the Net.
1:40 of 3rd period - Snap shot by Jean-Gabriel Pageau.
1:40 of 3rd period - Shot Misses the Net.
1:42 of 3rd period - Snap shot by Rickard Rakell.
1:42 of 3rd period - Goal by Rickard Rakell - Jets : 1 - Canadiens : 3.
1:43 of 3rd period - Mika Zibanejad wins face-off versus Tyler Seguin in neutral zone.
3:00 of 3rd period - Snap shot by Mike Richards.
3:00 of 3rd period - Goal by Mike Richards - Jets : 1 - Canadiens : 4.
3:01 of 3rd period - Tyler Seguin wins face-off versus Jean-Gabriel Pageau in neutral zone.
3:12 of 3rd period - Snap shot by Jean-Gabriel Pageau.
3:12 of 3rd period - Shot Misses the Net.
3:28 of 3rd period - Chris Kreider is hit by Jussi Jokinen and loses puck.
3:37 of 3rd period - Slapshot by Jussi Jokinen.
3:37 of 3rd period - Stopped by Robin Lehner with a rebound.
3:39 of 3rd period - Backhand shot by Marco Scandella.
3:39 of 3rd period - Shot Misses the Net.
3:41 of 3rd period - Wrist shot by Jussi Jokinen.
3:41 of 3rd period - Shot Misses the Net.
4:39 of 3rd period - Backhand shot by Jean-Gabriel Pageau.
4:39 of 3rd period - Shot Misses the Net.
5:37 of 3rd period - Slapshot by Mattias Tedenby.
5:37 of 3rd period - Shot Blocked by Troy Stetcher.
5:39 of 3rd period - Snap shot by Mattias Tedenby.
5:39 of 3rd period - Deflect By Corban Knight.
5:39 of 3rd period - Stopped by Jacob Markstrom without a rebound.
5:40 of 3rd period - Tyler Seguin wins face-off versus Brandon Bollig in Jets zone.
5:40 of 3rd period - Tyler Seguin is hit by Brandon Bollig.
6:18 of 3rd period - Wrist shot by Viktor Arvidsson.
6:18 of 3rd period - Stopped by Robin Lehner with a rebound.
6:38 of 3rd period - Chris Kreider is hit by Frank Vatrano and loses puck.
7:03 of 3rd period - Slapshot by Jordan Szwarz.
7:03 of 3rd period - Shot Blocked by Anthony Mantha.
7:05 of 3rd period - Slapshot by Brian Dumoulin.
7:05 of 3rd period - Deflect By Ryan Murray.
7:05 of 3rd period - Stopped by Jacob Markstrom without a rebound.
7:06 of 3rd period - Ryan Johansen wins face-off versus Jean-Gabriel Pageau in Jets zone.
7:32 of 3rd period - Troy Stetcher is hit by Mika Zibanejad and loses puck.
7:57 of 3rd period - Slapshot by Alexander Wennberg.
7:57 of 3rd period - Deflect By Jussi Jokinen.
7:57 of 3rd period - Shot Blocked by Brian Dumoulin.
7:57 of 3rd period - Puck is out of play.
7:58 of 3rd period - Alexander Wennberg wins face-off versus Mike Richards in Canadiens zone.
8:01 of 3rd period - Slapshot by Alexander Wennberg.
8:01 of 3rd period - Stopped by Robin Lehner with a rebound.
8:03 of 3rd period - Minor Penalty to Scott Hartnell for High sticking.
8:04 of 3rd period - Ryan Johansen wins face-off versus Mike Richards in Canadiens zone.
8:07 of 3rd period - Snap shot by Alex Galchenyuk.
8:07 of 3rd period - Stopped by Robin Lehner without a rebound.
8:08 of 3rd period - Ryan Johansen wins face-off versus Mike Richards in Canadiens zone.
10:03 of 3rd period - Penalty to Scott Hartnell is over, Scott Hartnell is back on ice.
10:10 of 3rd period - Icing by Cam Fowler.
10:11 of 3rd period - Alexander Wennberg wins face-off versus Jean-Gabriel Pageau in Canadiens zone.
10:23 of 3rd period - Slapshot by Adam Larsson.
10:23 of 3rd period - Shot Misses the Net.
12:08 of 3rd period - Icing by Troy Stetcher.
12:09 of 3rd period - Noel Acciari wins face-off versus Mika Zibanejad in Jets zone.
12:28 of 3rd period - Snap shot by Sam Reinhart.
12:28 of 3rd period - Goal by Sam Reinhart - Jets : 2 - Canadiens : 4.
12:29 of 3rd period - Jean-Gabriel Pageau wins face-off versus Ryan Johansen in neutral zone.
13:08 of 3rd period - Off-side.
13:09 of 3rd period - Ryan Johansen wins face-off versus Jean-Gabriel Pageau in neutral zone.
13:11 of 3rd period - Ryan Murray is hit by Adam Fox and loses puck.
13:43 of 3rd period - Wrist shot by Chris Kreider.
13:43 of 3rd period - Stopped by Jacob Markstrom with a rebound.
13:49 of 3rd period - Slapshot by Dougie Hamilton.
13:49 of 3rd period - Deflect By Alex Galchenyuk.
13:49 of 3rd period - Stopped by Robin Lehner without a rebound.
13:50 of 3rd period - Alexander Wennberg wins face-off versus Jean-Gabriel Pageau in Canadiens zone.
13:57 of 3rd period - Slapshot by Anthony Mantha.
13:57 of 3rd period - Shot Misses the Net.
14:13 of 3rd period - Minor Penalty to Cam Fowler for Holding.
14:14 of 3rd period - Ryan Johansen wins face-off versus Mike Richards in Canadiens zone.
14:23 of 3rd period - Slapshot by Alex Galchenyuk.
14:23 of 3rd period - Goal by Alex Galchenyuk - Jets : 3 - Canadiens : 4.
14:24 of 3rd period - Tyler Seguin wins face-off versus Jean-Gabriel Pageau in neutral zone.
14:51 of 3rd period - Dougie Hamilton is hit by Mike Richards and loses puck.
15:14 of 3rd period - Snap shot by Mika Zibanejad.
15:14 of 3rd period - Stopped by Jacob Markstrom without a rebound.
15:15 of 3rd period - Alexander Wennberg wins face-off versus Mika Zibanejad in Jets zone.
15:15 of 3rd period - Alexander Wennberg is hit by Chris Kreider.
15:45 of 3rd period - Slapshot by Brent Burns.
15:45 of 3rd period - Stopped by Robin Lehner without a rebound.
15:46 of 3rd period - Mike Richards wins face-off versus Tyler Seguin in Canadiens zone.
15:46 of 3rd period - Mike Richards is hit by Ryan Murray.
15:58 of 3rd period - Snap shot by Jordan Szwarz.
15:58 of 3rd period - Stopped by Jacob Markstrom with a rebound.
16:00 of 3rd period - Slapshot by Cam Fowler.
16:00 of 3rd period - Shot Misses the Net.
16:12 of 3rd period - Kevin Shattenkirk is hit by Alexander Wennberg and loses puck.
16:40 of 3rd period - Minor Penalty to Max Domi for Hooking.
16:41 of 3rd period - Tyler Seguin wins face-off versus Mika Zibanejad in Jets zone.
17:43 of 3rd period - Slapshot by Frank Vatrano.
17:43 of 3rd period - Stopped by Robin Lehner with a rebound.
18:40 of 3rd period - Penalty to Max Domi is over, Max Domi is back on ice.
18:49 of 3rd period - Snap shot by Adam Fox.
18:49 of 3rd period - Stopped by Jacob Markstrom without a rebound.
18:50 of 3rd period - Bruce Boudreau call a timeout for Jets.
18:50 of 3rd period - Ryan Johansen wins face-off versus Mike Richards in Jets zone.
18:55 of 3rd period - Jets, Jacob Markstrom is pulled from the net.
18:55 of 3rd period - Snap shot by Tyler Toffoli.
18:55 of 3rd period - Shot Misses the Net.
18:57 of 3rd period - Snap shot by Ryan Johansen.
18:57 of 3rd period - Shot Blocked by Brian Dumoulin.
19:07 of 3rd period - Wrist shot by Tyler Toffoli.
19:07 of 3rd period - Shot Misses the Net.
19:17 of 3rd period - Wrist shot by Ryan Johansen.
19:17 of 3rd period - Stopped by Robin Lehner with a rebound.
19:19 of 3rd period - Snap shot by Tyler Toffoli.
19:19 of 3rd period - Stopped by Robin Lehner without a rebound.
19:20 of 3rd period - Ryan Johansen wins face-off versus Jordan Szwarz in Canadiens zone.
19:31 of 3rd period - Snap shot by Jordan Szwarz.
19:31 of 3rd period - Goal by Jordan Szwarz - Jets : 3 - Canadiens : 5.
19:31 of 3rd period - Jacob Markstrom from Jets was sent back in the game.
19:32 of 3rd period - Mike Richards wins face-off versus Alexander Wennberg in neutral zone.
Goals for this period are 2 for Jets vs 3 for Canadiens.
Shots for this period are 11 for Jets vs 9 for Canadiens.